[Event "Early-Titled-Tuesday-Blitz-February-13-2024"]
[Site "Chess.com"]
[Date "2024.02.13"]
[Round "11"]
[White "HATilay"]
[Black "ViIIagra"]
[Result "1/2-1/2"]
[WhiteElo "2578"]
[BlackElo "2964"]
[TimeControl "180+1"]
[EndTime "10:10:20 PST"]
[Termination "Game drawn by stalemate"]

1. e4 Nc6 2. Nf3 d6 3. d4 g6 4. Bc4 Bg7 5. c3 Nf6 6. Nbd2 O-O 7. O-O Nxe4 8. Nxe4 d5 9. Bd3 dxe4 10. Bxe4 Qd6 11. Re1 Bd7 12. Be3 Rae8 13. Qd2 e5 14. dxe5 Qxd2 15.
Bxd2 Nxe5 16. Nxe5 Rxe5 17. Bf4 Rc5 18. Bxb7 Rb8 19. Rad1 Be6 20. a3 g5 21. Be3 Rb5 22.
Bc6 Rxb2 23. Bxa7 Rc8 24. Bd4 Bxd4 25. Rxd4 Rb3 26. Bd5 Rxc3 27. Bxe6 fxe6 28. h3 Kf7 29. Rd7+ Kf6 30. Rxh7 Re8 31. a4 c5 32. a5 Ra3 33.
Ra7 c4 34. Rc1 c3 35. Rc7 Rxa5 36. R7xc3 Rd8 37. Re1 Rf5 38. Rce3 Rd6 39. f3 Kg6 40. Kh2 Kf6 41. Kg3 Rfd5 42. Re4 Rd2 43. h4 gxh4+ 44.
Rxh4 Rc2 45. Rg4 Rdd2 46. Kh3 Rd5 47. Kg3 Rdd2 48. Kh3 Rd5 49. Rg1 Rh5+ 50. Kg3 Re5 51. Rf4+ Kg6 52. Re4 Rg5+ 53. Kh3 Kf5 54. Rg4 Rxg4 55.
fxg4+ Kg5 56. Re1 Rc6 57. g3 Kf6 58. Kh4 e5 59. Rf1+ Kg6 60. Re1 Re6 61. g5 Kf5 62.
Rf1+ Kg6 63. Kg4 e4 64. Re1 e3 65. Kf3 Kxg5 66. Rxe3 Rxe3+ 67. Kxe3 Kg4 68. Kf2 Kg5 69. Kg2 Kg4 70. Kf2 Kg5 71. Kf3 Kf5 72. g4+ Kg5 73.
Kg3 Kg6 74. Kf4 Kf6 75. g5+ Kg6 76. Kg4 Kg7 77. Kf5 Kf7 78. g6+ Kg7 79. Kg5 Kg8 80.
Kf6 Kf8 81. g7+ Kg8 82. Kg6 1/2-1/2

[Event "Early-Titled-Tuesday-Blitz-February-13-2024"]
[Site "Chess.com"]
[Date "2024.02.13"]
[Round "11"]
[White "Elegance_Riks"]
[Black "Yeritsyaan"]
[Result "1-0"]
[WhiteElo "2763"]
[BlackElo "2611"]
[TimeControl "180+1"]
[EndTime "10:10:20 PST"]
[Termination "Elegance_Riks won by resignation"]

1. Nf3 Nf6 2. c4 e6 3. g3 b6 4.
Bg2 Bb7 5. O-O c5 6. Nc3 Be7 7. Re1 d6 8. e4 a6 9. d4 cxd4 10. Nxd4 Qc7 11. Be3 Nbd7 12. Rc1 Rc8 13. f4 Qb8 14. b3 O-O 15. Bf2 Rfe8 16. g4 g6 17.
g5 Nh5 18. Qg4 Nc5 19. Rcd1 Bf8 20. Nde2 b5 21. b4 Na4 22. Nxa4 bxa4 23. Rc1 d5 24. c5 dxe4 25. Bd4 a5 26. b5 Bd5 27. b6 Qb7 28. Ng3 Nxg3 29. hxg3 Bxa2 30. Bxe4 Bd5 31. Qf3 Bxe4 32.
Qxe4 Qxe4 33. Rxe4 Rc6 34. Bf2 a3 35. Ra4 Rb8 36. Rxa5 Rbxb6 37. cxb6 Rxc1+ 38. Kg2 Rb1 39. Ra8 Rb2 40. Kf3 Rb3+ 41. Kg4 Rb4 42. Bc5 h5+ 43. gxh6 f5+ 44. Kg5 Rb3 45. Rxf8+ Kh7 46. Rf7+ Kg8 47. Kf6 1-0

[Event "Early-Titled-Tuesday-Blitz-February-13-2024"]
[Site "Chess.com"]
[Date "2024.02.13"]
[Round "11"]
[White "chess_blitz00"]
[Black "azikom"]
[Result "0-1"]
[WhiteElo "2464"]
[BlackElo "2703"]
[TimeControl "180+1"]
[EndTime "10:10:20 PST"]
[Termination "azikom won on time"]

1. d3 c6 2. Nf3 d5 3. g3 Bg4 4. Bg2 Nd7 5. h3 Bh5 6. Nbd2 e5 7. c3 Bd6 8. e4 Ne7 9. Qc2 O-O 10. O-O Re8 11.
Re1 Qc7 12. Nf1 Rad8 13. g4 Bg6 14. Ng3 f6 15. Nh4 Bf7 16. Nhf5 Nxf5 17. Nxf5 Bf8 18.
Bd2 Nc5 19. Rad1 dxe4 20. dxe4 Bxa2 21. Be3 Bb3 22. Rxd8 Rxd8 23. Qe2 a5 24. g5 fxg5 25. Bxg5 Re8 26. Qg4 Be6 27. Qg3 Kh8 28. Rd1 Bf7 29. Be3 Ne6 30. b4 axb4 31. cxb4 Nf4 32. Kh2 g6 33.
Nh4 Bxb4 34. Nf3 Nh5 35. Qh4 Be7 36. Bg5 Bxg5 37. Qxg5 Qe7 38. Qxe7 Rxe7 39. Rd8+ Kg7 40. Rb8 Nf6 41. Ng5 h6 42. Nf3 Nxe4 43. Kg1 Nc5 44. Bf1 Bd5 45. Nh2 h5 46. Be2 e4 47. Nf1 Nd3 48. Ne3 Nf4 49. Bf1 Be6 50. Rd8 Bxh3 0-1

[Event "Early-Titled-Tuesday-Blitz-February-13-2024"]
[Site "Chess.com"]
[Date "2024.02.13"]
[Round "11"]
[White "malakismayil"]
[Black "Goryachkina"]
[Result "1-0"]
[WhiteElo "2544"]
[BlackElo "2685"]
[TimeControl "180+1"]
[EndTime "10:10:21 PST"]
[Termination "malakismayil won on time"]

1. e4 c5 2. Nf3 e6 3. c3 d5 4. exd5 Qxd5 5. Be2 Nf6 6. O-O Nc6 7. d4 cxd4 8. cxd4 Be7 9. Nc3 Qd6 10. Nb5 Qd8 11.
Bf4 Nd5 12. Bg3 O-O 13. Rc1 Bd7 14. a3 Rc8 15. Bd3 a6 16. Nc3 Nxc3 17. Rxc3 Bf6 18. Bb1 Ne7 19. Rxc8 Bxc8 20. Qd3 Nf5 21. Be5 Bxe5 22.
dxe5 Qxd3 23. Bxd3 Rd8 24. Be4 h6 25. Rc1 b6 26. g4 Ne7 27. b4 Kf8 28. Kf1 f5 29.
gxf5 exf5 30. Bc2 g5 31. Rd1 Rxd1+ 32. Bxd1 Nc6 33. Bb3 Ke7 34. Bd5 Nd8 35. Nd4 f4 36. Ke2 Bd7 37. Kd3 a5 38. b5 h5 39. Nc6+ Ke8 40. Kd4 Nb7 41. Bc4 1-0

[Event "Early-Titled-Tuesday-Blitz-February-13-2024"]
[Site "Chess.com"]
[Date "2024.02.13"]
[Round "11"]
[White "Kildepiotr"]
[Black "ErikRonka"]
[Result "0-1"]
[WhiteElo "2679"]
[BlackElo "2565"]
[TimeControl "180+1"]
[EndTime "10:10:23 PST"]
[Termination "ErikRonka won by resignation"]

1. Nf3 d5 2. g3 Nf6 3. Bg2 e6 4. O-O c5 5. d3 Nc6 6. Nbd2 Be7 7. e4 O-O 8. Qe2 b5 9. e5 Nd7 10. c3 Qc7 11. Re1 Bb7 12. h4 Rfc8 13. h5 h6 14. Nf1 Qd8 15. g4 a5 16. Bf4 b4 17. c4 Nb6 18. b3 a4 19. Ne3 axb3 20. axb3 Rxa1 21. Rxa1 dxc4 22. dxc4 Nd4 23. Nxd4 Qxd4 24. Rd1 Qxf4 25. Bxb7 Rd8 26. Rxd8+ Bxd8 27. Ng2 Qd4 28. Kh2 Bc7 29. f4 f6 30. Qe3 fxe5 31. fxe5 Bxe5+ 32. Kh3 Nd7 33. Bc8 Nf8 34. Qxd4 Bxd4 35.
Kg3 Kf7 36. Kf3 Nh7 37. Nf4 Ng5+ 38. Ke2 Kf6 39. Bb7 Ke5 40. Ng6+ Kd6 41. Kd3 Bf6 42. Nf4 Nf7 43. Ke2 Ne5 44. Bf3 Bg5 45. Nd3 Nd7 46. Be4 Nf6 47. Kf3 Nd7 48. Bb7 Ne5+ 49. Nxe5 Kxe5 50.
Bc8 Kd4 0-1

[Event "Early-Titled-Tuesday-Blitz-February-13-2024"]
[Site "Chess.com"]
[Date "2024.02.13"]
[Round "11"]
[White "Aslanov_Umid"]
[Black "VinzentSpitzl"]
[Result "1/2-1/2"]
[WhiteElo "2661"]
[BlackElo "2511"]
[TimeControl "180+1"]
[EndTime "10:10:23 PST"]
[Termination "Game drawn by repetition"]

1. e4 c5 2. Nf3 d6 3. d4 cxd4 4. Nxd4 Nf6 5. Nc3 a6 6. Bc4 e6 7.
Bb3 Nc6 8. Be3 Qc7 9. Qe2 Na5 10.
g4 Be7 11. g5 Nxb3 12. axb3 Nd7 13. f4 O-O 14. h4 b6 15. h5 Bb7 16. g6 Nc5 17. Qg2 f5 18. gxh7+ Kxh7 19. Qg6+ Kg8 20.
Nxe6 Nxe6 21. Qxe6+ Rf7 22. h6 Bf6 23. Nd5 Bxd5 24.
Qxd5 Re8 25. O-O-O Rxe4 26. Bxb6 Qe7 27. Bd8 Qe6 28.
Qa8 Rf8 29. hxg7 Bxg7 30. Rdg1 Re2 31. Qb7 Rf7 32. Qxa6 Qe4 33. Qc8 Rf8 34. Qc7 Qd4 35.
Rh3 Qxb2+ 36. Kd1 Qd4+ 37. Kxe2 Re8+ 38. Be7 Qxg1 39. Re3 Qg2+ 40. Kd3 Qd5+ 41. Ke2 Qg2+ 42. Kd3 Qd5+ 43. Ke2 Qg2+ 1/2-1/2

[Event "Early-Titled-Tuesday-Blitz-February-13-2024"]
[Site "Chess.com"]
[Date "2024.02.13"]
[Round "11"]
[White "secrethawk1"]
[Black "SlavenPastar"]
[Result "0-1"]
[WhiteElo "2478"]
[BlackElo "2602"]
[TimeControl "180+1"]
[EndTime "10:10:23 PST"]
[Termination "SlavenPastar won by checkmate"]

1. g3 d5 2. Bg2 Nf6 3. d4 b6 4. c4 Bb7 5. Nc3 e6 6. e3 Be7 7. Nge2 O-O 8. O-O c5 9. b3 cxd4 10. exd4 Qd7 11. Bf4 dxc4 12. bxc4 Bxg2 13. Kxg2 Nc6 14.
Qd2 Na5 15. Rad1 Nxc4 16. Qc2 Rac8 17. Qb3 Nd5 18. Nxd5 Qxd5+ 19. Kg1 Rfd8 20. Nc3 Qf3 21. Nb5 Qb7 22. Rc1 Na5 23. Qd3 a6 24. Nc3 Bf6 25.
Ne2 b5 26. Rfd1 g6 27. Nc3 Rxd4 28. Qe3 Rxc3 29. Rxd4 Rxe3 30. Rd6 Rc3 31. Rcd1 Rc8 32. Rd7 Qc6 33. R1d6 Qc4 34. h4 Nc6 35. h5 Be5 36.
Rxc6 Qxc6 37. Bxe5 Qxd7 38. hxg6 Rc1+ 39. Kg2 Qd5+ 40.
f3 Qxe5 41. gxf7+ Kxf7 42. g4 Qe2+ 43. Kg3 Rg1+ 44. Kf4 Kf6 45. g5+ Rxg5 46. a4 e5# 0-1

[Event "Early-Titled-Tuesday-Blitz-February-13-2024"]
[Site "Chess.com"]
[Date "2024.02.13"]
[Round "11"]
[White "JonasEilenberg"]
[Black "Ron_Weasley_Chess"]
[Result "1-0"]
[WhiteElo "2588"]
[BlackElo "2451"]
[TimeControl "180+1"]
[EndTime "10:10:26 PST"]
[Termination "JonasEilenberg won on time"]

1. d4 Nf6 2. c4 c5 3. d5 b5 4.
Qc2 g6 5. e4 d6 6. cxb5 a6 7. Nc3 Bg7 8. Nf3 O-O 9. a4 Nbd7 10.
Ra3 axb5 11. Bxb5 Ba6 12. O-O Bxb5 13. axb5 Nb6 14. Qe2 Nfd7 15. Bd2 Rxa3 16. bxa3 Qa8 17. Ra1 Na4 18. Qe1 Ndb6 19. Ra2 Qa5 20. Nxa4 Qxa4 21. Bc3 Bxc3 22. Qxc3 Qxe4 23. Ra1 Qa4 24. Nd2 Qxb5 25. Rb1 Qe2 26. Nf1 Nxd5 27. Qb3 Nf4 28. a4 Qe4 29.
Ne3 Ra8 30. Ra1 Qd4 31. Qa3 Ra5 32. g3 Ne2+ 33. Kf1 Nc3 34. Qb3 Qb4 35. Qc2 Rxa4 36. Rc1 Ne4 37. Nd5 Qb5+ 38. Kg2 Kf8 39. Rb1 Qc6 40. Rb8+ Kg7 41. Nxe7 Qd7 42. Rg8+ Kf6 43. Nd5+ Ke6 44. Nf4+ Kf6 45. Nd5+ Ke6 46. Nb6 Qc6 47. Qxa4 Qxb6 48. Qxe4+ Kf6 49. Re8 1-0

[Event "Early-Titled-Tuesday-Blitz-February-13-2024"]
[Site "Chess.com"]
[Date "2024.02.13"]
[Round "11"]
[White "temus_galaktionov"]
[Black "profedechess93"]
[Result "1-0"]
[WhiteElo "2894"]
[BlackElo "2662"]
[TimeControl "180+1"]
[EndTime "10:10:27 PST"]
[Termination "temus_galaktionov won on time"]

1. d4 d5 2. Nf3 Nf6 3. c4 c6 4. Qb3 dxc4 5. Qxc4 Bg4 6. Nbd2 e6 7. h3 Bh5 8. g4 Bg6 9. Ne5 Nbd7 10. Nxg6 hxg6 11. Bg2 Nb6 12. Qd3 Qc7 13. Nc4 Bb4+ 14. Bd2 Bxd2+ 15.
Nxd2 O-O-O 16. Nf3 Nbd5 17. e3 Qa5+ 18. Qd2 Qxd2+ 19.
Nxd2 Kb8 20. Nc4 Rc8 21. Ke2 Rhd8 22. Ne5 Rc7 23. Rac1 Rf8 24. h4 Nd7 25. Nd3 Rfc8 26.
h5 gxh5 27. gxh5 c5 28. Bxd5 exd5 29. dxc5 Nxc5 30. Nf4 Ne6 31. Rxc7 Rxc7 32. Nxd5 Rc2+ 33. Kf3 Rxb2 34. Nc3 Rc2 35. Ne4 Rxa2 36. Rd1 Kc7 37.
Rc1+ Kd7 38. Rd1+ Ke7 39. Nd6 Rb2 40. Nc8+ Ke8 41. Nxa7 b5 42. Kg3 b4 43. Nc6 f6 44.
f4 b3 45. f5 Ng5 46. Rd8+ Kf7 47. Rd7+ Kg8 48. Ne7+ Kf7 49. Ng6+ Ke8 50. Rxg7 Re2 51. Re7+ Kd8 52. Rb7 1-0

[Event "Early-Titled-Tuesday-Blitz-February-13-2024"]
[Site "Chess.com"]
[Date "2024.02.13"]
[Round "11"]
[White "Anton_Demchenko"]
[Black "ActorXu"]
[Result "1-0"]
[WhiteElo "2947"]
[BlackElo "2808"]
[TimeControl "180+1"]
[EndTime "10:10:28 PST"]
[Termination "Anton_Demchenko won by resignation"]

1. e4 e5 2. Nf3 Nf6 3. Nxe5 d6 4. Nf3 Nxe4 5. Nc3 Nxc3 6. dxc3 Be7 7. Bf4 Nc6 8. Qd2 Be6 9. O-O-O Qd7 10. Kb1 h6 11. Be3 a6 12. Nd4 Nxd4 13. Bxd4 O-O 14. Bd3 c5 15. Be3 d5 16. Rhg1 Rfd8 17. g4 d4 18. cxd4 cxd4 19. Bxh6 Qd5 20. b3 gxh6 21. Qxh6 Qg5 22. Qh7+ Kf8 23. f4 Qh4 24. Qe4 Bd5 25.
Qe2 Bb4 26. Qe5 Bc3 27. g5 Qh3 28. g6 Qe6 29. g7+ Ke7 30. Qc7+ Qd7 31. Rde1+ Bxe1 32. Rxe1+ Be6 33. Qc5+ Qd6 34. Qg5+ Kd7 35. f5 Bd5 36. f6 Be6 37. h4 a5 38. a4 Qb4 39. Qb5+ Qxb5 40.
axb5 a4 41. bxa4 Rxa4 42. h5 Rda8 43. Kc1 Ra1+ 44. Kd2 Rxe1 45. Kxe1 Kd6 46. h6 Ke5 47. h7 Kxf6 48. h8=Q Ra1+ 49. Kd2 1-0

[Event "Early-Titled-Tuesday-Blitz-February-13-2024"]
[Site "Chess.com"]
[Date "2024.02.13"]
[Round "11"]
[White "HajiyevKanan"]
[Black "TregubovP"]
[Result "0-1"]
[WhiteElo "2522"]
[BlackElo "2690"]
[TimeControl "180+1"]
[EndTime "10:10:28 PST"]
[Termination "TregubovP won by resignation"]

1. d4 Nf6 2. Nf3 c5 3. c3 b6 4.
g3 Bb7 5. Bg2 g6 6. O-O Bg7 7.
Bg5 O-O 8. Nbd2 h6 9. Bxf6 Bxf6 10. e4 d6 11. Qe2 Nd7 12. e5 Bg7 13. e6 Nf6 14. Rfe1 Qc7 15. Rad1 Bd5 16. exf7+ Rxf7 17. c4 Bb7 18. d5 Nd7 19. Nh4 g5 20. Ng6 Ne5 21.
Be4 Qd7 22. f4 gxf4 23. Nxf4 Qg4 24. Bf3 Nxf3+ 25. Qxf3 Qxf3 26. Nxf3 Bxb2 27. Re6 Kh7 28. Rde1 Bf6 29. Nh5 Raf8 30. Nxf6+ Rxf6 31. Rxe7+ R8f7 32. Rxf7+ Rxf7 33. Kg2 Ba6 34. Re4 Kg7 35. Nh4 Kf6 36. Rf4+ Ke7 37. Nf5+ Kd7 38. g4 h5 39. h3 hxg4 40.
hxg4 b5 41. cxb5 Bxb5 42. g5 Bd3 43. g6 Rxf5 44. Rg4 Rf8 45. g7 Rg8 46. Kg3 Ke7 47.
Kf4 Kf6 48. Ke3 Bf5 49. Rg1 Rxg7 50. Rf1 Rg3+ 51. Kf4 Rg4+ 52. Kf3 Ra4 53. Rf2 Ke5 54. Kg3 Be4 55. Re2 Kxd5 56. Kf4 Bd3+ 57. Ke3 Bxe2 0-1

[Event "Early-Titled-Tuesday-Blitz-February-13-2024"]
[Site "Chess.com"]
[Date "2024.02.13"]
[Round "11"]
[White "kidagent"]
[Black "cukricek"]
[Result "1-0"]
[WhiteElo "2346"]
[BlackElo "2453"]
[TimeControl "180+1"]
[EndTime "10:10:29 PST"]
[Termination "kidagent won on time"]

1. c4 Nf6 2. g3 g6 3. Bg2 Bg7 4. Nf3 O-O 5. O-O c5 6. Nc3 Nc6 7. a3 d5 8. cxd5 Nxd5 9. e4 Nc7 10. b3 Bg4 11. Bb2 Ne6 12. h3 Bxf3 13. Bxf3 Ned4 14. Bg2 Qd7 15. Rc1 b6 16. f4 Rac8 17. e5 Na5 18. b4 Nc4 19. Ba1 Nxa3 20. bxc5 bxc5 21. Ne4 Qb5 22. Kh2 Rfd8 23. Rf2 a5 24. Bf1 Qb6 25.
d3 Nab5 26. Qa4 Qa6 27. Rxc5 Rxc5 28. Nxc5 Qa7 29. Ne4 f5 30. Ng5 h6 31. Qa2+ e6 32.
Nxe6 Nxe6 33. Qxe6+ Kh7 34. Ra2 Qe3 35. Qc4 Nd4 36.
Bxd4 Rxd4 37. Qc2 Rd7 38. Rxa5 g5 39. Qe2 Qb6 40. Ra2 gxf4 41. gxf4 Qd4 42. Rc2 Qxf4+ 43. Kh1 Bxe5 44. Qg2 Rg7 45. Qf2 Qg5 46. Bg2 Bg3 47. Qd2 Bf4 48. Qf2 Be3 49. Qf3 f4 50. Qe4+ Qg6 51. Rc6 1-0

[Event "Early-Titled-Tuesday-Blitz-February-13-2024"]
[Site "Chess.com"]
[Date "2024.02.13"]
[Round "11"]
[White "ChessQueen"]
[Black "alexrustemov"]
[Result "0-1"]
[WhiteElo "2686"]
[BlackElo "2837"]
[TimeControl "180+1"]
[EndTime "10:10:30 PST"]
[Termination "alexrustemov won by resignation"]

1. e4 e6 2. d4 d5 3. exd5 exd5 4. Nf3 Nc6 5. h3 Bd6 6. c4 dxc4 7. Bxc4 Nf6 8. O-O O-O 9. Nc3 h6 10. Be3 Bf5 11.
Rc1 a6 12. a3 Qd7 13. Re1 Rfe8 14. d5 Ne5 15. Nxe5 Bxe5 16. Qf3 Re7 17. Red1 Rae8 18. Bc5 Bd6 19. Be3 Ne4 20. Bd3 Bh7 21. Nxe4 Bxe4 22.
Bxe4 Rxe4 23. Rc2 Qe7 24. Rd3 Qe5 25. g3 h5 26. Kg2 h4 27. Bf4 Qe7 28. Bxd6 cxd6 29.
g4 g6 30. b3 Qg5 31. Rc7 Rf4 32. Qd1 Qf6 33. Rf3 b5 34. Rxf4 Qxf4 35. Qf3 Qxf3+ 36. Kxf3 Re5 37. Rc6 Rxd5 38. Ke2 a5 39. Ra6 b4 40.
axb4 axb4 41. Rb6 Rd4 42. Ke3 Rd1 43. Rxb4 Rh1 44. Rd4 Rxh3+ 45. f3 Rh2 46. Rxd6 Rb2 47.
Rd3 g5 48. Kd4 h3 49. Kc4 h2 50. Rd1 Kg7 51. b4 Kf6 52. b5 Ke5 53. Kc5 Kf4 54. b6 Kxf3 55. Kc6 Kxg4 56. b7 Rxb7 57. Kxb7 Kh3 58. Kc6 g4 59. Kd5 g3 60. Ke4 g2 0-1

[Event "Early-Titled-Tuesday-Blitz-February-13-2024"]
[Site "Chess.com"]
[Date "2024.02.13"]
[Round "11"]
[White "Juicy_Fork"]
[Black "karinachess1"]
[Result "0-1"]
[WhiteElo "2485"]
[BlackElo "2673"]
[TimeControl "180+1"]
[EndTime "10:10:31 PST"]
[Termination "karinachess1 won by checkmate"]

1. e4 e5 2. Nf3 Nc6 3. Bb5 Nge7 4. Nc3 Ng6 5. d4 exd4 6. Nxd4 Nxd4 7. Qxd4 c6 8. Be2 Qb6 9. Qd3 Be7 10. O-O O-O 11. Be3 Qxb2 12. f4 Qa3 13. Bd4 d6 14. f5 Ne5 15.
Qg3 Bf6 16. Kh1 Kh8 17. Rad1 Bd7 18. Qf4 Rad8 19. g4 h6 20. Rg1 c5 21. Nd5 Bg5 22.
Qf2 cxd4 23. Rxd4 Bc6 24. h4 Qh3+ 25. Qh2 Qxh2+ 26. Kxh2 Bxh4 27. Kg2 Bg5 28. f6 gxf6 29. Rf1 Bxd5 30. exd5 Rc8 31. c4 b5 32. cxb5 Rc2 33. Re4 Rxa2 34. Kg1 Rc8 35. Bd1 Rc3 36. Rb4 Rg3+ 37. Kh1 Rh3+ 38. Kg1 Be3+ 39. Rf2 Bxf2+ 40. Kg2 Bc5+ 41. Kxh3 Bxb4 42. Kh4 Bc5 43. Bb3 Rb2 44. Ba4 Rb4 45. Bd1 Rxb5 46. Kh5 a5 47. Kxh6 Rb2 48. g5 fxg5 49. Bh5 g4 50. Bxg4 Nxg4+ 51. Kg5 a4 52. Kf5 a3 53. Kg5 a2 54. Kh5 a1=Q 55. Kg5 Ne5 56. Kh5 Qg1 57. Kh6 Rh2# 0-1

[Event "Early-Titled-Tuesday-Blitz-February-13-2024"]
[Site "Chess.com"]
[Date "2024.02.13"]
[Round "11"]
[White "Bilan_Danila"]
[Black "cthulhuuu"]
[Result "1-0"]
[WhiteElo "2560"]
[BlackElo "2437"]
[TimeControl "180+1"]
[EndTime "10:10:34 PST"]
[Termination "Bilan_Danila won on time"]

1. d4 Nf6 2. Nf3 g6 3. Bg5 Bg7 4. c3 Ne4 5. Bh4 d5 6. Nbd2 Bf5 7. e3 Bg4 8. Qb3 Nxd2 9. Nxd2 Bc8 10. Qa3 h6 11. c4 g5 12. Bg3 O-O 13. cxd5 Qxd5 14. Qxe7 Nd7 15. a3 c5 16. Qe4 Qxe4 17. Nxe4 cxd4 18. O-O-O dxe3 19. fxe3 Ne5 20. Nd6 Bg4 21. Rd5 Rfd8 22. e4 f6 23. Bb5 Be6 24. Rd2 a6 25. Be2 Bf8 26. Nxb7 Rac8+ 27. Kd1 Bb3+ 28. Ke1 Rc1+ 29.
Kf2 Rxd2 30. Rxc1 Bc4 31. Re1 Rxb2 32. Na5 Bc5+ 33. Kf1 Rxe2 34. Rxe2 Bb5 35. a4 Bd3 36. Bxe5 fxe5 37. Nc6 Bd4 38. Nxd4 exd4 39. Ke1 Bxe2 40. Kxe2 Kf7 41. Kd3 Ke6 42. Kxd4 Kd6 43. e5+ Ke6 44. Ke4 a5 45. g4 Kf7 46. Kf5 Ke7 47. e6 Kd6 48.
Kf6 1-0

[Event "Early-Titled-Tuesday-Blitz-February-13-2024"]
[Site "Chess.com"]
[Date "2024.02.13"]
[Round "11"]
[White "PabloZarnicki"]
[Black "ATM622"]
[Result "0-1"]
[WhiteElo "2629"]
[BlackElo "2499"]
[TimeControl "180+1"]
[EndTime "10:10:37 PST"]
[Termination "ATM622 won on time"]

1. e4 c6 2. d4 d5 3. Nc3 dxe4 4. Nxe4 Bf5 5. Ng3 Bg6 6. N1e2 e6 7. Nf4 Bd6 8. h4 Bxf4 9. Bxf4 h6 10. h5 Bh7 11. Qg4 Nf6 12. Qxg7 Rg8 13. Qxh6 Nbd7 14. Bg5 Bxc2 15. Bxf6 Nxf6 16. Qd2 Bh7 17. Be2 Qb6 18.
O-O O-O-O 19. Rfd1 Ne4 20. Nxe4 Bxe4 21. f3 Bd5 22.
Qf4 Qxb2 23. Bf1 Qc3 24. Rab1 Qxf3 25. Qxf3 Bxf3 26. Rd2 Bxh5 27. Rdb2 b6 28. Rc1 Kb7 29. Rbc2 Rd6 30. Kf2 Bg6 31. Rc4 Be4 32. a4 Bd5 33. R4c3 Rgd8 34. g3 Be4 35. Bg2 Bxg2 36. Kxg2 Rc8 37.
Rf1 Rc7 38. Rf4 f5 39. Re3 Rcd7 40. Re5 Rxd4 41. Rxd4 Rxd4 42. Rxe6 Rxa4 43. Rf6 b5 44. Rxf5 b4 45. Rf4 Ra2+ 46. Kf3 a5 47. g4 b3 48. Rf7+ Kb6 49. Rf8 Kb7 50. Rf7+ Ka6 51. Rf8 b2 52. Rb8 a4 53. g5 Ra3+ 54. Kf4 Rb3 55.
Ra8+ Kb7 0-1

[Event "Early-Titled-Tuesday-Blitz-February-13-2024"]
[Site "Chess.com"]
[Date "2024.02.13"]
[Round "11"]
[White "emeli_chess"]
[Black "tantaan"]
[Result "0-1"]
[WhiteElo "2374"]
[BlackElo "2511"]
[TimeControl "180+1"]
[EndTime "10:10:37 PST"]
[Termination "tantaan won by resignation"]

1. d4 Nf6 2. c4 e6 3. Nc3 Bb4 4.
Qc2 b6 5. e4 c5 6. dxc5 Bb7 7. Bd3 Bxc5 8. Nf3 Nc6 9. O-O Nb4 10. Qe2 Nxd3 11. Qxd3 d6 12. Bg5 O-O 13. Rfe1 h6 14. Bh4 a5 15. Na4 g5 16. Bg3 Qe7 17.
Nxc5 dxc5 18. Bd6 Qd7 19. e5 Nh5 20. Rad1 Rfd8 21. Qe3 Qc6 22. Qc3 Nf4 23. Re3 g4 24. Ne1 Nxg2 25. Rg3 Nxe1 26. Rxg4+ Kh8 27. f3 Nxf3+ 28.
Kf2 Ng5 29. Rdg1 Ne4+ 30. Rxe4 Qxe4 31. Be7 Qf4+ 32. Ke1 Qe4+ 33. Kf2 Rg8 34. Bf6+ Kh7 35. Rg3 Rg6 36. Qd2 Rag8 37. Qc3 Rxg3 38. hxg3 Qd4+ 39.
Qxd4 cxd4 40. Bh4 Kg6 41. Ke2 Kf5 42. Kd3 Rg4 43. b3 Be4+ 44. Kd2 Bb1 45. a3 Ke4 46. b4 axb4 47. axb4 Ba2 48. c5 bxc5 49. bxc5 Bd5 50. Ke2 Kxe5 51. Kd3 Rg8 52. Be7 Rc8 53. Ke2 Ke4 54.
Kd2 d3 0-1

[Event "Early-Titled-Tuesday-Blitz-February-13-2024"]
[Site "Chess.com"]
[Date "2024.02.13"]
[Round "11"]
[White "SHIVACalypso"]
[Black "johnmez"]
[Result "0-1"]
[WhiteElo "2468"]
[BlackElo "2285"]
[TimeControl "180+1"]
[EndTime "10:10:38 PST"]
[Termination "johnmez won by resignation"]

1. e4 e6 2. d4 d5 3. Nd2 Be7 4. Ngf3 Nf6 5. e5 Nfd7 6. Bd3 c5 7. c3 Nc6 8. O-O a5 9. Re1 cxd4 10. cxd4 Qb6 11.
a3 Nxd4 12. Nxd4 Qxd4 13. Nf3 Qb6 14. Qa4 O-O 15. Be3 Qd8 16. Rac1 f5 17. exf6 Nxf6 18.
Bd4 Bd7 19. Qc2 Rc8 20. Qd2 Bd6 21. Qg5 Qe7 22. Ne5 Rxc1 23. Rxc1 Rc8 24. Re1 Be8 25. Ng4 Nxg4 26. Qxg4 Bd7 27. Qh5 g6 28. Bxg6 hxg6 29.
Qxg6+ Kf8 30. h4 Qf7 31. Qh6+ Ke7 32. Qg5+ Kf8 33. h5 Rc4 34. Qd8+ Qe8 35. Qf6+ Qf7 36. Qh8+ Ke7 37. h6 Qf4 38. Qg7+ Kd8 39. Bf6+ Kc7 40. Be5 Bxe5 41. Qxe5+ Qxe5 42. Rxe5 Rh4 43. Rg5 Rxh6 44. g4 Kd6 45. Kg2 e5 46. Kg3 Rf6 47. Rh5 d4 48. g5 Rg6 49. Kh4 d3 50. Rh6 Rxh6+ 51. gxh6 Bf5 52. Kg5 Bh7 0-1

[Event "Early-Titled-Tuesday-Blitz-February-13-2024"]
[Site "Chess.com"]
[Date "2024.02.13"]
[Round "11"]
[White "dropstoneDP"]
[Black "bulletteemo"]
[Result "1-0"]
[WhiteElo "3045"]
[BlackElo "2611"]
[TimeControl "180+1"]
[EndTime "10:10:39 PST"]
[Termination "dropstoneDP won by checkmate"]

1. e4 c5 2. Nf3 d6 3. d4 cxd4 4. Nxd4 Nf6 5. Nc3 g6 6. Be3 Bg7 7. f3 a6 8. Qd2 h5 9. Bc4 Nbd7 10. O-O-O b5 11. Bb3 Bb7 12. Kb1 Nc5 13. Rhe1 Nxb3 14. cxb3 Rc8 15. Bg5 Qb6 16. h3 h4 17. b4 Rc4 18.
Nb3 Rxb4 19. Nd5 Bxd5 20. Qxb4 Bb7 21. Na5 Bc8 22. Nc4 Qc5 23. Qxc5 dxc5 24. Nb6 Be6 25. Na8 O-O 26. Nc7 Bc8 27. e5 Nh5 28. Bxe7 Bf5+ 29.
Ka1 Rc8 30. Nxa6 c4 31. Rd8+ Rxd8 32. Bxd8 Nf4 33. Rh1 Bc8 34. Nc7 Bxe5 35. Nxb5 Nxg2 36. a4 Bb7 37. a5 Bxf3 38. a6 Ne3 39. Rc1 Nd5 40. a7 Nb4 41. Rxc4 Nd3 42. Rc8 Kg7 43. Bxh4 Bxb2+ 44. Kb1 Be5 45. a8=Q Bxa8 46. Rxa8 Nf4 47. Bg3 Nd3 48. Kc2 Bxg3 49. Kxd3 f5 50. Ke3 Kh6 51.
Kf3 Be5 52. Ra6 Kh5 53. Nd6 Kh4 54. Nf7 Bd4 55. Rxg6 Kxh3 56. Rh6# 1-0

[Event "Early-Titled-Tuesday-Blitz-February-13-2024"]
[Site "Chess.com"]
[Date "2024.02.13"]
[Round "11"]
[White "Suleyman_Chess06"]
[Black "Yan_Dyomin2010"]
[Result "1-0"]
[WhiteElo "2758"]
[BlackElo "2600"]
[TimeControl "180+1"]
[EndTime "10:10:40 PST"]
[Termination "Suleyman_Chess06 won by resignation"]

1. Nf3 Nf6 2. g3 g6 3. Bg2 Bg7 4. O-O O-O 5. d4 d5 6. c4 c6 7.
cxd5 cxd5 8. Nc3 Ne4 9. Bf4 Nxc3 10. bxc3 Nc6 11. Qb3 Na5 12. Qb4 b6 13. Nd2 Ba6 14.
Rfe1 Rc8 15. e4 dxe4 16. Nxe4 Rc4 17. Qa3 Bb7 18. Bg5 Re8 19. Nd6 Bxg2 20. Nxe8 Qxe8 21. Kxg2 e6 22. Kg1 Bf8 23. Qb2 Qc6 24. Rac1 Qd5 25. Qd2 Rc8 26. Bh6 Nc4 27. Qf4 Bd6 28. Qf6 Bf8 29. Bxf8 Rxf8 30. Re2 a6 31. Rce1 b5 32. h4 h5 33. Kh2 Nd6 34. Qe5 Qc6 35. Qf4 Nf5 36. Rc1 Rc8 37. Re5 Qc4 38. Ree1 Qxa2 39.
Kg1 Qc4 40. Ra1 Rc6 41. Qb8+ Kg7 42. Qe5+ Kh7 43. Qf6 Kg8 44. d5 Qxc3 45. Qd8+ Kg7 46. dxc6 Qxc6 47. Qd2 Qf3 48. Qe2 Qb3 49. Rad1 a5 50.
Qe5+ Kh7 51. Rd8 Ng7 52. Rf8 Qb4 53. Rxf7 1-0

[Event "Early-Titled-Tuesday-Blitz-February-13-2024"]
[Site "Chess.com"]
[Date "2024.02.13"]
[Round "11"]
[White "The_Straightforward_Rook"]
[Black "bilosuvenosu06"]
[Result "1/2-1/2"]
[WhiteElo "2442"]
[BlackElo "2535"]
[TimeControl "180+1"]
[EndTime "10:10:40 PST"]
[Termination "Game drawn by repetition"]

1. Nf3 d5 2. d4 Nf6 3. e3 Bf5 4. Bd3 e6 5. O-O Nbd7 6. c4 c6 7. Bxf5 exf5 8. cxd5 Nxd5 9. Nc3 N7f6 10. Qb3 Qb6 11.
Nxd5 Nxd5 12. Qc2 g6 13. e4 fxe4 14. Qxe4+ Be7 15. Bh6 O-O-O 16. Ne5 f5 17. Qf3 Rhe8 18. Rfd1 Kb8 19. a3 Qc7 20. b4 Bd6 21. b5 Bxe5 22. dxe5 Qxe5 23. bxc6 bxc6 24. g3 Qe4 25. Qb3+ Ka8 26. Rac1 Rb8 27. Qc4 Qxc4 28. Rxc4 Re6 29. Kg2 Rb2 30. Rd2 Rxd2 31. Bxd2 Re2 32. Bb4 Kb7 33. Bc5 Re4 34. Rc2 Ka6 35. Kf3 Re6 36. h4 Nf6 37. Rb2 Ne4 38. Be3 c5 39. Rb8 Rb6 40.
Rc8 Kb5 41. g4 Nd6 42. Rxc5+ Ka4 43. g5 Rb3 44. Rc7 Rb7 45. Rxb7 Nxb7 46. Bxa7 Kxa3 47. Kf4 Na5 48. Be3 Nc4 49. Kf3 Kb3 50. Ke2 Kc3 51.
Kf3 Kd3 52. Bf4 Nb6 53. Be3 Nd5 54. Bf4 Nc3 55. Be3 Nd5 56. Bc5 Kc4 57. Be3 Kd3 1/2-1/2